 Dungeon Crawl Stone Soup version 0.30.0-29-ga12c61a403 (webtiles) character file.

Game seed: 12893673868494393920

1284 safid the Chiller (level 8, 0/64 HPs)
             Began as a Merfolk Ice Elementalist on June 7, 2023.
             Was an Initiate of Vehumet.
             Slain by an ice beast (13 damage)
             ... on level 5 of the Dungeon.
             The game lasted 00:09:18 (5439 turns).

safid the Chiller (Merfolk Ice Elementalist)        Turns: 5439, Time: 00:09:18

Health: 0/64       AC: 11    Str:  8    XL:     8   Next: 55%
Magic:  16/16      EV: 13    Int: 16    God:    Vehumet [......]
Gold:   287        SH:  0    Dex: 15    Spells: 11/18 levels left

rFire   . . .        o - +2 dagger (holy)
rCold   . . .        (no shield)
rNeg    + . .        a - +0 robe
rPois   .            r - +0 helmet
rElec   .            (no cloak)
rCorr   +            (no gloves)
SInv    .            y - +0 pair of boots
Will    .....        (no amulet)
Stlth   ++           h - ring of positive energy
HPRegen 0.30/turn    x - ring of resist corrosion
MPRegen 0.15/turn

%: no passive effects
@: ice-armoured
A: (nimble swimmer 2), mertail
a: Renounce Religion


You were on level 5 of the Dungeon.
You worshipped Vehumet.
Vehumet was noncommittal.
You visited 2 branches of the dungeon, and saw 6 of its levels.

You collected 287 gold pieces.

Inventory:

Hand Weapons
 o - a +2 dagger of holy wrath (weapon)
Missiles
 s - 2 throwing nets
Armour
 a - a +0 robe (worn)
 r - a +0 helmet (worn)
 y - a +0 pair of boots (worn)
Jewellery
 h - a ring of positive energy (left hand)
 l - a ring of fire
 x - a ring of resist corrosion (right hand)
Scrolls
 d - 2 scrolls of teleportation {unknown}
 e - 2 scrolls of noise {unknown}
 f - a scroll of torment {unknown}
 g - 3 scrolls of identify {unknown}
 j - a scroll of enchant weapon {unknown}
 m - a scroll of blinking {unknown}
 q - a scroll of magic mapping {unknown}
 v - 3 scrolls of vulnerability {unknown}
Potions
 b - a potion of magic
 c - a potion of mutation {unknown}
 i - 3 potions of curing
 k - 2 potions of haste {unknown}
 n - 3 potions of lignification {unknown}
 p - 2 potions of flight {unknown}
 t - a potion of ambrosia {unknown}
 u - a potion of heal wounds {unknown}
 w - a potion of attraction {unknown}


   Skills:
 + Level 6.0 Fighting
 + Level 4.0 Dodging
 - Level 2.1 Stealth
 + Level 5.5 Spellcasting
 + Level 7.6 Ice Magic


You had 11 spell levels left.
You knew the following spells:

 Your Spells              Type           Power      Damage    Failure   Level
a - Freeze                Ice            100%       1d10      1%          1
b - Frozen Ramparts       Ice            56%        1d9       1%          3
c - Ozocubu's Armour      Ice            28%        N/A       1%          3

Your spell library contained the following spells:

 Spells                   Type           Power      Damage    Failure   Level
 Kiss of Death            Conj/Necr      16%        2d6       14%         1
 Shock                    Conj/Air       16%        1d4       14%         1
 Summon Ice Beast         Ice/Summ       16%        N/A       30%         4
 Confusing Touch          Hex            4%         N/A       41%         3
 Swiftness                Air            4%         N/A       41%         3
 Airstrike                Air            2%         2d(1-17)  82%         4
 Dispel Undead            Necr           4%         3d7       82%         4


Dungeon Overview and Level Annotations

Branches:
Dungeon (5/15)             Temple (1/1) D:4

Altars:
Ashenzari
Cheibriados
Dithmenos
Elyvilon
Fedhas
Gozag
Kikubaaqudgha
Makhleb
Nemelex Xobeh
Ru
Sif Muna
Uskayaw
Vehumet
Wu Jian
Xom
Yredelemnul
The Shining One

Annotations:
D:3 2 runed translucent doors, superbruh's ghost, amateur OpBr


Innate Abilities, Weirdness & Mutations

((You are very nimble when in or above water. (Stealth+, EV+, Speed+++)))
Your lower body shifts to a powerful aquatic tail in water.


Message History

You are too injured to fight recklessly!
You are too injured to fight recklessly!
Unknown command.
You hit the ice beast but do no damage.
The ice beast is moderately wounded.
The ice beast barely misses you.
You closely miss the ice beast.
The ice beast is moderately wounded.
The ice beast hits you but does no damage.
You closely miss the ice beast.
The ice beast is moderately wounded.
The ice beast hits you but does no damage.
You hit the ice beast but do no damage.
The ice beast is lightly wounded.
The ice beast hits you but does no damage.
You hit the ice beast.
The ice beast is moderately wounded.
The ice beast hits you but does no damage.
You hit the ice beast but do no damage.
The ice beast is moderately wounded.
The ice beast barely misses you.
You hit the ice beast but do no damage.
The ice beast is moderately wounded.
The ice beast hits you. The ice beast freezes you!
* * * LOW HITPOINT WARNING * * *
You hit the ice beast but do no damage.
The ice beast is moderately wounded.
The ice beast closely misses you.
You hit the ice beast but do no damage.
The ice beast is moderately wounded.
The ice beast barely misses you.
You hit the ice beast.
The ice beast is moderately wounded.
The ice beast hits you but does no damage.
You closely miss the ice beast.
The ice beast is moderately wounded.
The ice beast hits you.
* * * LOW HITPOINT WARNING * * *
The ice beast freezes you!
You die...

#### .... .... #### ....
#.... .... >...# ....
#..### #### #Y@.#
#############
###.###.....#.##.##
#.#.#####..##............
#.#......#.##.....#.##.##
#.######.#.##.....#######
########.# #.#.##.....#
#.... #.....)#.#
#.#....>...# #....
#.####.#.# #.###......#
#.... #.# #.#.# ####.#
##.....# #....


You could see an ice beast.

Vanquished Creatures
  Grinder (D:4)
  Eustachio (D:5)
  Edmund (D:5)
  2 black bears (D:5)
  An ogre (D:5)
  A phantom (D:5)
  2 scorpions (D:5)
  A howler monkey (D:5)
  A hound (D:5)
  A jelly (D:4)
  2 iguanas
  Jessica (D:3)
  6 adders
  3 gnolls (D:4)
  A white imp (D:5)
  An ufetubus (D:4)
  3 worms (D:2)
  3 dart slugs
  12 orcs
  3 bats
  7 endoplasms
  3 giant cockroaches
  8 goblins
  8 hobgoblins
  2 quokkas (D:4)
  8 ball pythons
  6 frilled lizards
  3 kobolds
  4 rats
96 creatures vanquished.

Notes
Turn   | Place    | Note
-------+----------+-------------------------------------------
     0 | D:1      | safid the Merfolk Ice Elementalist began the quest for the
                  | Orb.
     0 | D:1      | Reached XP level 1. HP: 13/13 MP: 3/3
   136 | D:1      | Reached XP level 2. HP: 17/20 MP: 3/5
   255 | D:1      | Reached skill level 1 in Fighting
   709 | D:2      | Found an ornate altar of the Wu Jian Council.
   719 | D:2      | Reached XP level 3. HP: 19/26 MP: 3/6
   751 | D:2      | You fall into a shaft and drop 1 floor!
   951 | D:2      | Learned a level 3 spell: Frozen Ramparts
   955 | D:2      | Learned a level 3 spell: Ozocubu's Armour
  1046 | D:2      | Found a faded altar of an unknown god.
  1479 | D:2      | Reached skill level 5 in Ice Magic
  1479 | D:2      | Reached XP level 4. HP: 33/33 MP: 4/8
  1939 | D:3      | Found a runed translucent door.
  1944 | D:3      | Noticed superbruh's ghost (amateur OpBr)
  2172 | D:3      | Found a runed translucent door.
  2433 | D:3      | Noticed Jessica
  2439 | D:3      | Killed Jessica
  2440 | D:3      | Reached XP level 5. HP: 38/40 MP: 3/9
  2804 | D:4      | Found a staircase to the Ecumenical Temple.
  2818 | Temple   | Entered the Ecumenical Temple
  2969 | D:4      | Found a glowing golden altar of the Shining One.
  2977 | D:4      | Noticed Grinder
  2991 | D:4      | Paralysed by Grinder for 5 turns
  3010 | D:4      | Paralysed by Grinder for 2 turns
  3288 | D:4      | Found a blossoming altar of Fedhas.
  3524 | D:4      | Found a radiant altar of Vehumet.
  3614 | D:4      | Reached XP level 6. HP: 46/47 MP: 7/11
  3774 | D:4      | Paralysed by Grinder for 2 turns
  3792 | D:4      | Paralysed by Grinder for 4 turns
  3805 | D:4      | Paralysed by Grinder for 4 turns
  3847 | D:4      | Killed Grinder
  3848 | D:4      | Reached skill level 6 in Ice Magic
  3848 | D:4      | Reached XP level 7. HP: 46/54 MP: 6/13
  3887 | D:4      | Became a worshipper of Vehumet
  4031 | D:5      | Entered Level 5 of the Dungeon
  4335 | D:5      | Reached skill level 5 in Fighting
  4351 | D:5      | Reached skill level 7 in Ice Magic
  4512 | D:5      | Reached skill level 5 in Spellcasting
  4512 | D:5      | Reached XP level 8. HP: 49/63 MP: 9/15
  4646 | D:5      | Found an opulent altar of Gozag.
  4838 | D:5      | Noticed Eustachio
  4846 | D:5      | Killed Eustachio
  5033 | D:5      | Noticed Edmund
  5044 | D:5      | Killed Edmund
  5439 | D:5      | Slain by an ice beast

Illustrated notes

Levels and vault maps discovered:
D:1:      dpeg_arrival_concentric_ovals, layout_rooms, minmay_pentomino_s4
D:2:      layout_basic, chequers_ecumenical_altar_simple, basic_altar
D:3:      layout_basic, ebering_ghost_sewer_f, grunt_ministairs_6, uniq_jessica
D:4:      layout_basic, lemuel_crystal_altar, mainiacjoe_overflow_catwalk,
          lemuel_tele_altar, minmay_temple_entry_glass, uniq_grinder
D:5:      layout_basic, mainiacjoe_overflow_concentric_impassable,
          grunt_decor_one_mirror, amcnicky_mini_corridor_feature, uniq_edmund,
          uniq_eustachio
Temple:   cyrus_circular_temple

Skill      XL: |  1  2  3  4  5  6  7  8 |
---------------+-------------------------+-----
Fighting       | 1 2 3 4 5 6 |  6.0
Ice Magic      | 5 6 7 |  7.6
Spellcasting   | 3 4 5 |  5.5
Dodging        | 4 |  4.0
Stealth        | |  2.1

Action                     |  1- 3 |  4- 6 |  7- 9 || total
---------------------------+-------+-------+-------++-------
  Melee: Short sword       |    38 |     4 |       ||    42
         Unarmed           |     1 |       |       ||     1
         Dagger            |       |    60 |    93 ||   153
         Punch             |       |     2 |       ||     2
   Cast: Freeze            |    57 |    52 |    17 ||   126
         Frozen Ramparts   |       |     7 |     9 ||    16
         Ozocubu's Armour  |       |     3 |     4 ||     7
    Use: Potion            |       |       |     1 ||     1
   Stab: Sleeping          |     2 |     1 |       ||     3
 Armour: Robe              |    13 |    10 |    31 ||    54
  Dodge: Dodged            |    49 |    44 |    52 ||   145
